 Dungeon Crawl Stone Soup version 0.32-a0-953-g508020473e (webtiles) character file.

Game seed: 13420333321189333319

357 Cancer the Changeling (level 6, -3/47 HPs)
             Began as a Draconian Shapeshifter on Apr 16, 2024.
             Slain by a water moccasin (5 damage)
             ... on level 5 of the Dungeon on Apr 17, 2024.
             The game lasted 00:11:49 (4294 turns).

Cancer the Changeling (Draconian Shapeshifter)      Turns: 4294, Time: 00:11:50

Health: -3/47      AC:  6    Str: 18    XL:     6   Next: 36%
Magic:  15/15      EV: 11    Int: 11    God:
Gold:   324        SH:  0    Dex: 10    Spells: 5/5 levels left

rFire   . . .        w - staff of alchemy
rCold   . . .        (no shield)
rNeg    . . .        (body armour unavailable)
rPois   +            (helmet currently unavailable)
rElec   .            t - melded scarf {repulsion}
rCorr   .            (gloves currently unavailable)
SInv    .            x - melded +0 pair of boots
Will    .....        (no amulet)
Stlth   +            o - ring of wizardry
HPRegen 0.27/turn    y - ring of magical power
MPRegen 0.14/turn

%: wizardry (x1)
@: beast-form
A: beast (slay +3), AC +6, unfitting armour, cold-blooded
a: Begin Untransformation


You were on level 5 of the Dungeon.
You were a hulking beast.
You visited 1 branch of the dungeon, and saw 5 of its levels.

You collected 324 gold pieces.

Inventory:

Hand Weapons
 e - a +0 quarterstaff
 m - a +1 dagger of protection
 p - a +3 dagger
 C - a +1 dagger of venom
Armour
 t - a scarf of repulsion (melded)
 x - a +0 pair of boots (melded)
 E - a +0 buckler
 F - a +2 pair of gloves
Magical Staves
 w - a staff of alchemy (weapon)
Jewellery
 o - a ring of wizardry (left hand)
 y - a ring of magical power (right hand)
 B - a +4 ring of protection
Talismans
 b - a beast talisman (active)
 c - a flux talisman
Wands
 s - a wand of acid (5)
 v - a wand of digging (13)
Scrolls
 d - 2 scrolls of fog {unknown}
 f - 4 scrolls of identify {unknown}
 i - a scroll of immolation {unknown}
 j - a scroll of vulnerability {unknown}
 k - a scroll of amnesia {unknown}
 q - 3 scrolls of poison {unknown}
 u - 2 scrolls of teleportation {unknown}
 A - a scroll of brand weapon {unknown}
 D - a scroll of enchant weapon {unknown}
 H - a scroll of enchant armour {unknown}
Potions
 a - a potion of lignification
 g - a potion of curing {unknown}
 h - a potion of magic {unknown}
 l - 2 potions of might {unknown}
 n - 2 potions of attraction {unknown}
 r - a potion of berserk rage {unknown}
 z - a potion of brilliance {unknown}
 G - a potion of enlightenment {unknown}


   Skills:
 - Level 1.1 Fighting
 - Level 1.7 Dodging
 - Level 3.0 Unarmed Combat
 + Level 6.7 Shapeshifting


You had 5 spell levels left.
You didn't know any spells.
Your spell library contained the following spells:

 Spells                   Type           Power      Damage    Failure   Level
 Shock                    Conj/Air       0%         1d3       14%         1
 Call Imp                 Summ           0%         N/A       21%         2
 Ensorcelled Hibernation  Hex/Ice        0%         N/A       21%         2
 Sublimation of Blood     Necr           0%         N/A       21%         2
 Frozen Ramparts          Ice            0%         1d1       38%         3
 Ozocubu's Armour         Ice            0%         N/A       38%         3
 Swiftness                Air            0%         N/A       38%         3
 Volatile Blastmotes      Fire/Tloc      0%         2d10      38%         3
 Airstrike                Air            0%         2d(0-16)  77%         4
 Fulminant Prism          Conj/Alch      0%         3d5       77%         4
 Iskenderun's Mystic Bla Conj/Tloc 0%             2d3        (+2d1     77%         4
 Lee's Rapid Deconstruct  Erth           0%         3d4*      98%         5
 Metabolic Englaciation   Hex/Ice        0%         N/A       98%         5
 Seismic Cannonade        Alch/Erth      0%         6d4       100%        7
 Summon Hydra             Summ           0%         N/A       100%        7


Dungeon Overview and Level Annotations

Branches:
Dungeon (5/15)
 Temple: D:4-7

Altars:
Elyvilon
Nemelex Xobeh
Ru
Uskayaw

Shops:
D:3 [

Annotations:
D:3 exclusion: 4 sacred lotuses
D:5 ogre


Innate Abilities, Weirdness & Mutations

You are a hulking beast.
Your limbs bulge with bestial killing power. (Slay +3)
Your plain brown scales are hard. (AC +6)
You cannot fit into any form of body armour.
You are cold-blooded and may be slowed by cold attacks.


Message History

You miss the water moccasin. You tail-slap the water moccasin.
The water moccasin is moderately wounded.
You feel sick. The water moccasin bites you. The quokka barely misses you.
You hit the water moccasin!
The water moccasin is heavily wounded.
You feel sick. The water moccasin barely misses you.
The quokka bites you but does no damage.
The water moccasin barely misses you.
You miss the quokka. You tail-slap the quokka.
The quokka is moderately wounded.
You feel sick.
You are no longer poisoned.
The quokka bites you but does no damage.
The water moccasin bites you! The quokka closely misses you.
The water moccasin bites you.
You hit the quokka!
You kill the quokka!
The water moccasin bites you.
* * * LOW HITPOINT WARNING * * *
You barely miss the water moccasin.
The water moccasin is heavily wounded.
The water moccasin closely misses you. The water moccasin bites you.
* * * LOW HITPOINT WARNING * * *
You barely miss the water moccasin.
The water moccasin is heavily wounded.
The water moccasin bites you but does no damage.
The water moccasin misses you.
You hit the water moccasin.
The water moccasin is severely wounded.
The water moccasin bites you.
* * * LOW HITPOINT WARNING * * *
You hit the water moccasin.
The water moccasin is almost dead.
The water moccasin bites you!
* * * LOW HITPOINT WARNING * * *
The water moccasin bites you but does no damage.
You closely miss the water moccasin.
The water moccasin is almost dead.
The water moccasin bites you.
You die...

#..........#
####..##......###
##....>.#.####....
#..##.......[.....
#..........##..#.. #
#.....#.#......#.# #.##.
#..........##.....
......##..###.#.........
......†h......#...##.##.
#.##...S................
#..........#.#.......
##...........#.##....
......#.......#####.
.............#.# ###.
#######.##......# #...
#.##..#.#.###.##
##.............#


You could see a water moccasin.

Vanquished Creatures
  2 scorpions
  A bombardier beetle (D:3)
  A hound (D:5)
  Robin (D:2)
  3 gnolls (D:4)
  4 adders
  3 dart slugs
  A ribbon worm (D:2)
  9 orcs
  8 endoplasms
  A giant cockroach (D:4)
  13 goblins
  12 hobgoblins
  4 quokkas
  7 ball pythons
  5 bats
  4 frilled lizards
  4 kobolds
  4 rats
87 creatures vanquished.

Notes
Turn   | Place    | Note
-------+----------+-------------------------------------------
     0 | D:1      | Cancer the Draconian Shapeshifter began the quest for the
                  | Orb.
     0 | D:1      | Reached XP level 1. HP: 16/16 MP: 1/1
   272 | D:1      | Reached XP level 2. HP: 22/23 MP: 2/2
   895 | D:2      | Noticed Robin
  1161 | D:2      | Reached skill level 4 in Shapeshifting
  1209 | D:2      | Reached XP level 3. HP: 28/28 MP: 3/3
  1417 | D:2      | Killed Robin
  1760 | D:2      | Found a sacrificial altar of Ru.
  2089 | D:3      | Reached XP level 4. HP: 35/35 MP: 4/4
  2296 | D:3      | Found Ihos's Armour Shop.
  2389 | D:3      | Reached skill level 5 in Shapeshifting
  2465 | D:3      | Got Sif Muna's Dissertation on Graupel and Terra Firma
  2518 | D:3      | Found a white marble altar of Elyvilon.
  2583 | D:3      | Reached XP level 5. HP: 33/40 MP: 5/5
  3223 | D:4      | Reached skill level 6 in Shapeshifting
  3350 | D:4      | Found a sparkling altar of Nemelex Xobeh.
  3352 | D:4      | Found a hide-covered altar of Uskayaw.
  3564 | D:5      | Entered Level 5 of the Dungeon
  3573 | D:5      | Noticed an ogre
  3692 | D:5      | Reached XP level 6. HP: 23/47 MP: 6/6
  4279 | D:5      | Noticed a water moccasin
  4293 | D:5      | HP: 2/47 [water moccasin (7)]
  4294 | D:5      | Slain by a water moccasin

Illustrated notes

Levels and vault maps discovered:
D:1:      ncdulo_wetmaze, layout_basic
D:2:      layout_loops_cross, basic_altar, uniq_robin
D:3:      layout_rooms, elyvilon_altar_1, serial_shops, shop,
          minmay_misc_feat_room, grunt_ministairs_8, minmay_checkerbox
D:4:      layout_rooms, nicolae_overflow_hidden_temple
D:5:      layout_basic

Skill      XL: |  1  2  3  4  5 |
---------------+----------------+-----
Shapeshifting  | 4 5 6 |  6.7
Fighting       | |  1.1
Dodging        | |  1.7
Unarmed Combat | |  3.0

Action                     |  1- 3 |  4- 6 || total
---------------------------+-------+-------++-------
  Melee: Quarterstaff      |    83 |   131 ||   214
         Tailslap          |    10 |    14 ||    24
         Staff             |       |    12 ||    12
Ability: Begin Untransform |     2 |     1 ||     3
   Stab: Sleeping          |     1 |       ||     1
 Armour: Skin              |    89 |   107 ||   196
  Dodge: Dodged            |    69 |    96 ||   165
   Form: Beast             |     2 |     1 ||     3

Table legend: (Time is in decaauts)
 A = Elapsed time spent in this place.
 B = Non-inter-level travel time spent in this place.
 C = Inter-level travel time spent in this place.
 D = Time resting spent in this place.
 E = Time spent auto-exploring this place.
 F = Levels seen in this place.
 G = Mean time per level.
                   A        B        C        D        E       F      G
               +--------+--------+--------+--------+--------+-----+--------+
         Total |   4371 |   4103 |    268 |    177 |   3007 |   5 |  874.2 |
       Dungeon |   4371 |   4103 |    268 |    177 |   3007 |   5 |  874.2 |
               +--------+--------+--------+--------+--------+-----+--------+

Top non-repeatable levels by time:
     D:1: 1132 daAuts
     D:2: 985 daAuts
     D:3: 805 daAuts
     D:4: 725 daAuts
     D:5: 722 daAuts
